 Dungeon Crawl Stone Soup version 0.24-a0-639-gb70a11d811 (webtiles) character file.

Game seed: 3567852775034601937, levelgen mode: deterministic

35039 Peloso the Fencer (level 13, -3/116 HPs)
             Began as a Minotaur Fighter on Sept 22, 2019.
             Was an Initiate of Gozag.
             Slain by Rupert
             ... wielding a +6 great sword of draining
              (10 damage)
             ... on level 4 of the Lair of Beasts.
             The game lasted 00:53:36 (20360 turns).

Peloso the Fencer (Minotaur Fighter)               Turns: 20360, Time: 00:53:44

Health: -3/116     AC: 15    Str: 24    XL:     13   Next: 45%
Magic:  13/13      EV:  9    Int: 10    God:    Gozag
Gold:   631        SH: 16    Dex: 12    Spells: 12/12 levels left

rFire    + . .     SeeInvis .   t - +8 autumn katana {slice, Clar}
rCold    x . .     Gourm    .   c - +0 shield
rNeg     . . .     Faith    .   q - +1 chain mail "Qejarph" {rCorr}
rPois    +         Spirit   .   (helmet restricted)
rElec    .         Reflect  +   O - +0 cloak
rCorr    +         Harm     .   (no gloves)
MR       .....     Clarity  +   L - +0 pair of boots
Stlth    ..........             d - +3 amulet of reflection
HPRegen  0.29/turn              X - ring of Doubts {rPois Int+5}
MPRegen  0.13/turn              U - ring of fire (curse)

@: about to teleport, heavily drained
A: retaliatory headbutt, horns 2
a: Potion Petition, Call Merchant, Bribe Branch, Renounce Religion


You were on level 4 of the Lair of Beasts.
You worshipped Gozag.
Gozag was pleased with you.
You were very hungry.

You visited 3 branches of the dungeon, and saw 18 of its levels.

You collected 4239 gold pieces.
You spent 1381 gold pieces at shops.
You paid 2227 gold pieces to Gozag.

Inventory:

Hand Weapons
 a - a +0 double sword of draining
 t - the +8 autumn katana (weapon) {slice, Clar}
   (You bought it in a shop on level 10 of the Dungeon)

   It inflicts extra damage upon your enemies.
   It protects you against confusion.
 y - a +2 whip of flaming
Missiles
 F - 189 bolts
Armour
 b - a +0 scale mail
 c - a +0 shield (worn)
 j - a +0 plate armour
 q - the +1 chain mail "Qejarph" (worn) {rCorr}
   (You bought it in a shop on level 10 of the Dungeon)

   It provides partial protection from all sources of acid and corrosion.
 v - a +2 chain mail of cold resistance
 L - a +0 pair of boots (worn)
 O - a +0 cloak (worn)
Jewellery
 d - a +3 amulet of reflection (around neck)
 i - an uncursed ring of resist corrosion
 A - an uncursed ring of see invisible
 J - the ring "Qiguvutha" {Fire rElec rPois MR+ MP+9}
   (You found it on level 6 of the Dungeon)

   [ring of fire]

   It enhances your fire magic.
   It protects you from fire.
   It makes you vulnerable to cold.
   It insulates you from electricity.
   It protects you from poison.
   It affects your resistance to hostile enchantments.
   It affects your magic capacity (+9).
 U - a cursed ring of fire (right hand)
 X - the ring of Doubts (left hand) {rPois Int+5}
   (You found it on level 10 of the Dungeon)

   [ring of poison resistance]

   It affects your intelligence (+5).
   It protects you from poison.
Wands
 k - a wand of flame (31)
 u - a wand of scattershot (6)
 P - a wand of digging (6)
Scrolls
 e - 3 scrolls of enchant weapon {unknown}
 g - 6 scrolls of teleportation
 h - 4 scrolls of random uselessness {unknown}
 l - 7 scrolls of remove curse
 m - a scroll of vulnerability {unknown}
 o - 2 scrolls of magic mapping {unknown}
 r - 2 scrolls of noise
 s - 2 scrolls of identify
 x - 2 scrolls of fear
 Q - a scroll of blinking {unknown}
 V - 3 scrolls of fog {unknown}
Potions
 n - 4 potions of heal wounds {unknown}
 p - 2 potions of cancellation {unknown}
 D - 4 potions of flight {unknown}
 K - 2 potions of magic
 N - a potion of curing
 W - a potion of agility
Comestibles
 f - 20 rations


   Skills:
 + Level 11.2(9.2) Fighting
 + Level 15.2(13.0) Long Blades
 + Level 2.6(1.0) Maces & Flails
 + Level 12.7(10.7) Armour
 + Level 4.7(3.0) Dodging
 + Level 2.4(0.9) Stealth
 + Level 14.1(12.0) Shields
 + Level 0.1(0.0) Unarmed Combat
 + Level 2.1(0.5) Evocations


You had 12 spell levels left.
You didn't know any spells.
Your spell library contained the following spells:

 Spells                   Type           Power        Failure   Level  Hunger
 Corona                   Hex            #......      96%         1    ##.....
 Ensorcelled Hibernation  Hex/Ice        #.....       99%         2    ###....
 Confuse                  Hex            #.......     100%        3    ####...
 Dazzling Spray           Conj/Hex       #.....       100%        3    ####...
 Tukima's Dance           Hex            #.......     100%        3    ####...
 Bolt of Magma            Conj/Fire/Erth #.........   100%        5    ######.
 Irradiate                Conj/Tmut      #.........   100%        5    ######.
 Iskenderun's Battlesphe  Conj/Chrm      #.......     100%        5    ######.
 Venom Bolt               Conj/Pois      #.........   100%        5    ######.
 Hydra Form               Tmut           #.........   100%        6    #######
 Iron Shot                Conj/Erth      #.........   100%        6    #######
 Statue Form              Tmut/Erth      #........    100%        6    #######
 Dragon Form              Tmut           #.........   100%        7    #######
 Orb of Destruction       Conj           #.........   100%        7    #######
 Spellforged Servitor     Conj/Summ      #.........   100%        7    #######


Dungeon Overview and Level Annotations

Branches:
Dungeon (13/15)            Temple (1/1) D:4            Lair (4/6) D:8
 Spider (0/4) Lair:3          Orc (0/2) D:9
  Swamp: Lair:2-4    Shoals: Lair:2-4    Vaults: D:13-14

Altars:
Ashenzari
Cheibriados
Dithmenos
Elyvilon
Fedhas
Gozag
Hepliaklqana
Kikubaaqudgha
Makhleb
Nemelex Xobeh
Okawaru
Qazlal
Ru
Sif Muna
Trog
Uskayaw
Vehumet
Wu Jian
Xom
Yredelemnul
Zin
The Shining One

Shops:
D:10 %*(

Annotations:
D:11 2 runed translucent doors, Masnef's ghost, journeyman HaWr
Lair:4 Rupert


Innate Abilities, Weirdness & Mutations

You reflexively headbutt those who attack you in melee.
You have a pair of horns on your head.


Message History

Rupert goes berserk!
Rupert hits you with a +6 great sword of draining!!
You feel drained.
Rupert hits you with a +6 great sword of draining!!!
You feel drained.
As you read the scroll of teleportation, it crumbles to dust.
You feel strangely unstable. You block Rupert's attack.
The electric eel shoots out a bolt of lightning at you!
The bolt of electricity hits the plant!
The bolt of electricity hits you!
* * * LOW HITPOINT WARNING * * *
You block Rupert's attack.
The electric eel shoots out a bolt of lightning at you!
The bolt of electricity hits the plant!
The bolt of electricity hits you.
* * * LOW HITPOINT WARNING * * *
The bolt of electricity hits you but does no damage.
Rupert hits you with a +6 great sword of draining!!
* * * LOW HITPOINT WARNING * * *
You feel drained.
You die...
Your body crumbles into a pile of gold.

≈≈≈≈P≈≈P......####
≈≈≈≈≈≈≈........... $
≈≈≈≈≈≈.........#####
≈≈≈;≈PP$...$.......#
≈≈≈≈P;≈≈......##...##
≈≈≈P≈≈≈≈.......P#.t..#
≈≈≈P≈≈P≈P.$.....##P.### #
≈P≈≈≈≈P≈...######..#.#.##.
≈≈≈≈≈≈≈≈..@# #.........
♣♣♣#.####.@## #..#..#P..
♣.♣♣..##....######...###
#..........#.#P##.#..P#
#...#.............t..P#
#........#.##.#t..P#
##.##...#..P........... ##
#...<..........#...
#.....P.#...#.......


You could see Rupert (berserk) and 2 electric eels.

Vanquished Creatures
  Snorg (Lair:3)
  Fannar (D:11)
  3 hydras
  A catoblepas (Lair:3)
  A two-headed ogre (D:12)
  2 unseen horrors
  An ugly thing (D:11)
  3 manticores
  Joseph (D:7)
  2 black mambas (Lair:3)
  6 spiny frogs
  A rime drake (Lair:1)
  4 komodo dragons
  A yaktaur (D:11)
  2 trolls
  4 jumping spiders (Lair:3)
  15 slime creatures
  6 hippogriffs
  Sigmund (D:4)
  2 redbacks (Lair:3)
  A wraith (D:13)
  2 shadows (D:13)
  A vampire (D:13)
  A wyvern (Lair:3)
  2 basilisks
  A human (D:8)
  30 yaks
  A steam dragon (D:11)
  3 hogs (D:8)
  2 hungry ghosts
  3 vampire mosquitoes (D:13)
  Menkaure (D:5)
  Duvessa (D:5)
  Edmund (D:4)
  7 water moccasins
  8 porcupines
  2 sky beasts
  3 ice beasts
  3 orc warriors
  2 necrophages
  An eye of draining (D:13)
  A phantom (D:7)
  4 wolves (Lair:3)
  12 centaurs
  9 ogres
  10 crocodiles
  3 big kobolds
  18 bullfrogs
  A gnoll sergeant (D:5)
  Dowan (D:4)
  A wyvern zombie (D:6)
  A wyvern skeleton (D:12)
  8 killer bees
  4 scorpions
  4 wights (D:11)
  3 electric eels
  2 howler monkeys
  7 bullfrog zombies
  8 crimson imps
  2 jellies
  A quasit (D:11)
  3 centaur skeletons
  Crazy Yiuf (D:6)
  3 hounds
  6 orc priests
  2 centaur zombies
  3 iguanas
  15 orc wizards
  Jessica (D:2)
  3 bullfrog skeletons
  8 worker ants
  A howler monkey zombie (D:7)
  2 worker ant zombies
  11 adders
  9 gnolls
  2 howler monkey skeletons (D:4)
  2 shadow imps (D:9)
  An ooze (D:6)
  2 adder skeletons
  An adder zombie (D:8)
  3 worms
  A dart slug (D:3)
  9 leopard geckos
  70 orcs
  3 giant cockroaches
  10 goblins
  5 hobgoblins
  6 jackals
  21 kobolds
  3 quokkas
  A ball python (D:2)
  8 bats
  5 frilled lizards
  A giant cockroach zombie (D:5)
  A quokka skeleton (D:9)
  11 rats
  A plant (Lair:1)
469 creatures vanquished.

Vanquished Creatures (others)
  A centaur (D:6)
  A kobold (D:7)
  2 fungi
  2 plants (Lair:4)
6 creatures vanquished.

Grand Total: 475 creatures vanquished

Notes
Turn   | Place    | Note
-------+----------+-------------------------------------------
     0 | D:1      | Peloso the Minotaur Fighter began the quest for the Orb.
     0 | D:1      | Reached XP level 1. HP: 19/19 MP: 0/0
   149 | D:1      | Reached XP level 2. HP: 21/27 MP: 1/1
   689 | D:2      | Noticed Jessica
   698 | D:2      | Killed Jessica
   698 | D:2      | Reached XP level 3. HP: 34/34 MP: 2/2
   911 | D:2      | Noticed a centaur
   919 | D:2      | Killed a centaur
   919 | D:2      | Reached skill level 3 in Long Blades
   919 | D:2      | Reached XP level 4. HP: 30/41 MP: 3/3
  1070 | D:2      | Reached XP level 5. HP: 41/47 MP: 4/4
  1405 | D:2      | Noticed an ogre
  1412 | D:2      | Killed an ogre
  1412 | D:2      | Reached skill level 4 in Long Blades
  1412 | D:2      | Reached skill level 5 in Armour
  1702 | D:3      | Reached skill level 5 in Fighting
  1702 | D:3      | Reached XP level 6. HP: 23/56 MP: 5/5
  1797 | D:3      | Found a stormy altar of Qazlal.
  2241 | D:3      | Reached skill level 5 in Shields
  2628 | D:4      | Found an ornate altar of the Wu Jian Council.
  2716 | D:4      | Found a staircase to the Ecumenical Temple.
  2732 | Temple   | Entered the Ecumenical Temple
  2780 | Temple   | Became a worshipper of Gozag Ym Sagoz the Greedy
  2832 | D:4      | Reached skill level 5 in Long Blades
  2845 | D:4      | Found a snail-covered altar of Cheibriados.
  2992 | D:4      | Reached skill level 1 in Dodging
  3452 | D:5      | Entered Level 5 of the Dungeon
  3471 | D:5      | Noticed Sigmund
  3481 | D:5      | Noticed an ice beast
  3551 | D:5      | Noticed Edmund
  3559 | D:4      | Reached XP level 7. HP: 38/61 MP: 6/6
  3723 | D:4      | Reached skill level 6 in Long Blades
  3977 | D:5      | Noticed Duvessa
  3999 | D:4      | Killed Edmund
  4415 | D:5      | Noticed Dowan
  4713 | D:5      | Killed Duvessa
  5054 | D:4      | Killed Dowan
  5054 | D:4      | Reached XP level 8. HP: 59/70 MP: 7/7
  5264 | D:4      | Killed Sigmund
  5264 | D:4      | Reached skill level 7 in Long Blades
  5565 | D:5      | Noticed Menkaure
  5569 | D:5      | Killed Menkaure
  5819 | D:6      | Reached skill level 1 in Stealth
  5909 | D:6      | Reached skill level 8 in Long Blades
  6052 | D:6      | Got a bound golden ring
  6054 | D:6      | Identified the ring "Qiguvutha" {Fire rElec rPois MR+ MP+9}
                  | (You found it on level 6 of the Dungeon)
  6082 | D:6      | Found a sacrificial altar of Ru.
  6239 | D:6      | Reached XP level 9. HP: 41/75 MP: 8/8
  6461 | D:6      | Found a runed translucent door.
  6462 | D:6      | Noticed Crazy Yiuf
  6517 | D:6      | Killed Crazy Yiuf
  6702 | D:7      | Reached skill level 9 in Long Blades
  7684 | D:8      | Noticed Joseph
  7714 | D:7      | Killed Joseph
  7714 | D:7      | Reached skill level 10 in Long Blades
  7826 | D:8      | Reached XP level 10. HP: 86/86 MP: 9/9
  7942 | D:8      | Reached skill level 10 in Shields
  8057 | D:8      | Found a staircase to the Lair.
  8564 | D:8      | Reached skill level 11 in Long Blades
  9758 | D:9      | Reached skill level 10 in Armour
 10102 | D:9      | Noticed a manticore
 10119 | D:9      | Killed a manticore
 10518 | D:9      | Found a glowing golden altar of the Shining One.
 10621 | D:9      | Found a staircase to the Orcish Mines.
 10880 | D:9      | Reached XP level 11. HP: 74/94 MP: 10/10
 11070 | D:10     | Entered Level 10 of the Dungeon
 11625 | D:10     | Killed an unseen horror
 11625 | D:10     | Reached skill level 12 in Long Blades
 12073 | D:10     | Got a heavily runed bronze ring
 12075 | D:10     | Identified the ring of Doubts {rPois Int+5} (You found it
                  | on level 10 of the Dungeon)
 12271 | Lair:1   | Entered Level 1 of the Lair of Beasts
 12332 | Lair:1   | Reached skill level 1 in Evocations
 12667 | Lair:1   | You fall into a shaft and drop 1 floor!
 13643 | Lair:2   | Noticed a seven-headed hydra
 14155 | D:11     | Noticed a brown ugly thing
 14182 | D:11     | Killed a brown ugly thing
 14608 | D:11     | Reached XP level 12. HP: 103/105 MP: 12/12
 14663 | D:11     | Reached skill level 13 in Long Blades
 14725 | D:11     | Noticed a five-headed hydra
 14736 | D:11     | Killed a five-headed hydra
 14780 | D:11     | Found a large runed translucent door.
 14780 | D:11     | Found a large runed translucent door.
 14781 | D:11     | Noticed Masnef's ghost (journeyman HaWr)
 14811 | D:11     | Noticed Fannar
 14834 | D:11     | Killed Fannar
 14834 | D:11     | Reached skill level 1 in Maces & Flails
 16103 | D:12     | Noticed a two-headed ogre
 16123 | D:12     | Killed a two-headed ogre
 16123 | D:12     | Reached skill level 10 in Fighting
 16693 | D:13     | Reached skill level 14 in Long Blades
 17594 | D:10     | Bought a blackened chain mail for 256 gold pieces
 17607 | D:10     | Identified the +1 chain mail "Qejarph" {rCorr} (You bought
                  | it in a shop on level 10 of the Dungeon)
 17615 | D:10     | Bought the +8 autumn katana {slice, Clar} for 1125 gold
                  | pieces
 17615 | D:10     | Found the +8 autumn katana {slice, Clar}
 17817 | Lair:3   | Reached XP level 13. HP: 107/114 MP: 13/13
 17902 | Lair:3   | Noticed Snorg
 17908 | Lair:3   | Killed Snorg
 17938 | Lair:3   | Reached skill level 15 in Long Blades
 18803 | Lair:3   | Found a hole to the Spider Nest.
 20074 | Lair:4   | Noticed Rupert
 20360 | Lair:4   | Slain by Rupert

Levels and vault maps discovered:
D:1:      kennysheep_arrival_seaside, layout_basic, minmay_stone_trees_small,
          minmay_rat_gold_closets
D:2:      layout_basic, uniq_jessica
D:3:      minmay_general_purpose_star, layout_loops_ring, lemuel_round_altar
D:4:      cheibrodos_quashed, layout_basic, old_standard_altar,
          lemuel_crystal_altar, temple_statues, first_ration,
          kennysheep_generic_room_7
D:5:      layout_loops_cross, kennysheep_generic_room_2, uniq_duvessa,
          uniq_sigmund, uniq_menkaure, uniq_edmund
D:6:      layout_loops_ring, nicolae_ru_great_annihilating_truth,
          uniq_crazy_yiuf_cottage
D:7:      layout_basic, lightli_orcish_oven
D:8:      layout_basic, david_lair_generic, small_statue_intersection,
          grunt_livestock, minmay_manual_mail, uniq_joseph
D:9:      layout_layer_cave, lemuel_crystal_altar, orc_0_dummy,
          grunt_ministairs_2
D:10:     layout_gridville
D:11:     layout_loops_ring, ebering_ghost_disaster_area, kennysheep_diamond,
          uniq_fannar
D:12:     layout_basic
D:13:     layout_loops_ring, serial_bayou_pond_b
Temple:   compressed_dpeg_circular_temple
Lair:1:   layout_chaotic_city, serial_forest, infiniplex_forest_straight_1,
          infiniplex_forest_corner_1, infiniplex_forest_straight_1,
          infiniplex_forest_clump_tiny, infiniplex_forest_clump_large,
          infiniplex_forest_corner_1, infiniplex_forest_lined_room_3,
          infiniplex_forest_lined_corner, grunt_megastairs_5,
          infiniplex_staircase_pool_2, lemuel_fruit_fields
Lair:2:   layout_regular_city
Lair:3:   layout_regular_city, nicolae_spider_entry_tight_spaces, st_stairs_7,
          beast_lair_carwin_6, grunt_megastairs_4, uniq_snorg
Lair:4:   layout_loops_ring, shoals_dummy_entry, serial_bayou_shore_a,
          grunt_megastairs_3, uniq_rupert

Skill      XL: |  1  2  3  4  5  6  7  8  9 10 11 12 13 |
---------------+----------------------------------------+-----
Fighting       | 4 5 6 7 8 9 10 11 | 11.2
Armour         | 4 5 6 8 10 11 12 | 12.7
Shields        | 4 5 6 7 9 10 12 13 14 | 14.1
Long Blades    | 3 4 5 6 8 10 11 12 14 15 | 15.2
Dodging        | 1 2 3 4 |  4.7
Stealth        | 1 2 |  2.4
Evocations     | 1 2 |  2.1
Maces & Flails | 1 2 |  2.6
Unarmed Combat | |  0.1

Action                   |  1- 3 |  4- 6 |  7- 9 | 10-12 | 13-15 || total
-------------------------+-------+-------+-------+-------+-------++-------
Melee: Long sword        |    55 |   161 |   442 |   447 |       ||  1105
       Headbutt          |    11 |    32 |    97 |   266 |    34 ||   440
       Unarmed           |       |       |     1 |       |       ||     1
       Double sword      |       |       |       |   467 |       ||   467
       Katana            |       |       |       |    17 |   107 ||   124
       Whip              |       |       |       |     7 |    16 ||    23
Invok: Call Merchant     |       |       |       |     3 |       ||     3
Evoke: Wand              |       |       |     4 |    12 |       ||    16
  Use: Potion            |       |     5 |       |     4 |     2 ||    11
       Scroll            |       |       |       |    14 |     2 ||    16
 Stab: Paralysed         |       |       |     3 |       |       ||     3
       Distracted        |       |       |     1 |     3 |     3 ||     7
  Eat: Chunk             |       |     6 |       |       |       ||     6
       Ration            |       |     1 |     4 |    10 |     2 ||    17
Armor: Scale mail        |     8 |       |       |       |       ||     8
       Plate armour      |    21 |    49 |       |       |       ||    70
       Chain mail        |       |    29 |   165 |   331 |    59 ||   584
Dodge: Dodged            |    12 |    29 |    82 |   199 |    48 ||   370
Block: Shield            |    33 |   111 |   310 |   644 |   115 ||  1213
       Reflection        |       |     1 |    11 |    32 |       ||    44
       Rpst.: Long sword |     2 |    10 |    20 |    22 |       ||    54
       Double sword      |       |       |       |    22 |       ||    22
       Katana            |       |       |       |       |     7 ||     7

Table legend:
 A = Non-vault XP
 B = Vault XP
 C = Vault XP percentage of total XP
 D = Non-vault monster count
 E = Vault monster count
 F = Vault count percentage of total count
                 A         B        C        D         E       F
            +---------+---------+-------+---------+---------+-------
      Total |   37640 |   12417 |  24.8 |     399 |      70 |  14.9
            +---------+---------+-------+---------+---------+-------
        D:1 |      18 |       4 |  18.2 |      13 |       4 |  23.5
        D:2 |     272 |      37 |  12.0 |      17 |       1 |   5.6
        D:3 |     125 |       7 |   5.3 |      35 |       4 |  10.3
        D:4 |     433 |     594 |  57.8 |      13 |       6 |  31.6
        D:5 |     323 |     325 |  50.2 |      14 |       2 |  12.5
        D:6 |     711 |      87 |  10.9 |      24 |       5 |  17.2
        D:7 |    1840 |     629 |  25.5 |      37 |       7 |  15.9
        D:8 |    2585 |    1725 |  40.0 |      41 |      13 |  24.1
        D:9 |    1718 |     118 |   6.4 |      18 |       2 |  10.0
       D:10 |    2565 |       0 |   0.0 |      23 |       0 |   0.0
       D:11 |    5115 |    1075 |  17.4 |      38 |       2 |   5.0
       D:12 |    4240 |       0 |   0.0 |      46 |       0 |   0.0
       D:13 |    6248 |    1184 |  15.9 |      30 |       3 |   9.1
     Lair:1 |    4104 |       0 |   0.0 |      21 |       0 |   0.0
     Lair:2 |    1112 |     109 |   8.9 |       6 |       1 |  14.3
     Lair:3 |    4372 |    6523 |  59.9 |      17 |      20 |  54.1
     Lair:4 |    1859 |       0 |   0.0 |       6 |       0 |   0.0
            +---------+---------+-------+---------+---------+-------
